 Dungeon Crawl Stone Soup version 0.17-a0-649-g87edefa (webtiles) character file.

57524 xeno23 the Corrupter of Planes (level 14, -1/109 HPs)
             Began as a Demonspawn Abyssal Knight on Apr 17, 2015.
             Was the Champion of Lugonu.
             Slain by a black mamba (15 damage)
             ... on level 8 of the Lair of Beasts.
             The game lasted 02:56:58 (26240 turns).

xeno23 the Corrupter of Planes (DsAK)              Turns: 26240, Time: 02:57:14

Health: -1/109     AC: 21    Str: 20    XL:     14   Next: 46%
Magic:  21/22      EV: 14    Int: 15    God:    Lugonu [******]
Gold:   962        SH: 11    Dex: 20    Spells: 3 memorised, 9 levels left

rFire  . . .     SeeInvis .     S - +8 war axe of Dismemberment {chop, Str+5}
rCold  + . .     Clarity  .     u - +2 scale mail of the Five Orbs {Dex+4}
rNeg   . . .     SustAb   .     P - +0 shield
rPois  .         Gourm    .     k - +0 helmet
rElec  .         Spirit   .     j - +2 cloak {rC+}
rCorr  .         Warding  .     e - +1 pair of gloves
rMut   .         Stasis   .     (no boots)
MR     +....                    Z - amulet of rage
Stlth  ++++......               G - +2 ring of intelligence
                                R - +3 ring of slaying

@: exhausted, slowed, very slow, somewhat resistant to hostile enchantments,
stealthy
A: talons 2, iridescent scales 1, nightstalker 2, spiny 2
a: Depart the Abyss, Bend Space, Banish, Corrupt, Enter the Abyss, Renounce
Religion, Evoke Berserk Rage


You were on level 8 of the Lair of Beasts.
You worshipped Lugonu.
Lugonu was exalted by your worship.
You were hungry.

You visited 3 branches of the dungeon, and saw 20 of its levels.
You visited the Abyss 1 time.
You also visited: Ice Cave.

You collected 1333 gold pieces.
You spent 371 gold pieces at shops.

Inventory:

Hand weapons
 S - the +8 war axe of Dismemberment (weapon) {chop, Str+5}
   (You bought it in a shop on level 6 of the Dungeon)

   It inflicts extra damage upon your enemies.
   It affects your strength (+5).
 Y - the +3 great sword "Zarghit" {slice, +Rage rC+ Str-2 Int+4}
   (You found it on level 4 of the Lair of Beasts)

   It inflicts extra damage upon your enemies.
   It affects your strength (-2).
   It affects your intelligence (+4).
   It protects you from cold.
   It lets you go berserk.
Armour
 a - a +0 pair of boots
 e - a +1 pair of gloves (worn)
 j - a +2 cloak of cold resistance (worn)
 k - a +0 helmet (worn)
 u - the +2 scale mail of the Five Orbs (worn) {Dex+4}
   (You found it on level 1 of the Lair of Beasts)

   It affects your dexterity (+4).
 P - a +0 shield (worn)
Jewellery
 l - an uncursed ring of teleport control
 t - an uncursed ring of teleportation
 G - a +2 ring of intelligence (right hand)
 H - an uncursed ring of flight
 R - a +3 ring of slaying (left hand)
 Z - an amulet of rage (around neck)
Magical devices
 b - a wand of hasting (4)
 K - a wand of digging (8)
 W - a wand of paralysis (9)
Scrolls
 d - a scroll of blinking
 g - 2 scrolls of enchant armour
 s - 4 scrolls of remove curse
 v - 3 scrolls of immolation
 w - 2 scrolls of fear
 A - 2 scrolls of identify
 B - a scroll of amnesia
 C - 4 scrolls of fog
 L - 8 scrolls of teleportation
 Q - a scroll of summoning
 T - 2 scrolls of recharging
 X - 2 scrolls of magic mapping
Potions
 f - 5 potions of heal wounds
 h - 6 potions of brilliance
 i - a potion of flight {unknown}
 n - 2 potions of cancellation
 o - a potion of ambrosia
 p - 4 potions of magic
 q - 7 potions of resistance
 r - a potion of invisibility {unknown}
 x - 6 potions of restore abilities
 z - a potion of beneficial mutation {unknown}
 D - 4 potions of haste
 I - a potion of mutation {unknown}
 M - 6 potions of curing
 U - 4 potions of berserk rage
 V - 4 potions of agility
Books
 y - a book of Ice

   Spells                             Type                      Level
   a - Ice Form                       Ice/Transmutation            4
   b - Metabolic Englaciation         Hexes/Ice                    5
   c - Ozocubu's Refrigeration        Ice                          6
   d - Bolt of Cold                   Conjuration/Ice              6
   e - Freezing Cloud                 Conjuration/Ice/Air          6
   f - Simulacrum                     Ice/Necromancy               6
 J - a book of the Tempests

   Spells                             Type                      Level
   a - Static Discharge               Conjuration/Air              3
   b - Lightning Bolt                 Conjuration/Air              5
   c - Fireball                       Conjuration/Fire             5
   d - Tornado                        Air                          9
   e - Shatter                        Earth                        9
Comestibles
 c - 9 chunks of flesh
 m - 2 bread rations
 E - 14 fruits
 F - 3 meat rations
 N - 7 beef jerkies


   Skills:
 * Level 9.9 Fighting
 - Level 4.4 Long Blades
 * Level 9.6 Axes
 + Level 8.3 Armour
 + Level 8.0 Dodging
 - Level 5.2 Stealth
 + Level 7.4 Shields
 - Level 1.4 Spellcasting
 + Level 3.9 Charms
 + Level 4.9 Translocations
 + Level 3.9 Air Magic
 - Level 11.0 Invocations
 * Level 8.5 Evocations


You had 9 spell levels left.
You knew the following spells:

 Your Spells              Type           Power        Failure   Level  Hunger
a - Shroud of Golubria    Chrm/Tloc      ##........   41%         2    ###....
b - Blink                 Tloc           N/A          34%         2    ###....
v - Swiftness             Chrm/Air       ##......     54%         2    ###....


Dungeon Overview and Level Annotations

Branches:
Dungeon (11/15)            Temple (1/1) D:6            Lair (8/8) D:11
 Shoals (0/5) Lair:6        Snake (0/5) Lair:5        Slime (0/6) Lair:8
    Orc: D:9-12

Altars:
Ashenzari
Cheibriados
Dithmenos
Elyvilon
Fedhas
Gozag
Kikubaaqudgha
Makhleb
Nemelex Xobeh
Okawaru
Qazlal
Ru
Sif Muna
Trog
Vehumet
Xom
Yredelemnul
Zin
The Shining One
Jiyva

Shops:
D:4 *   D:6 (   D:10 (

Annotations:
Abyss:1 Erolcha


Innate Abilities, Weirdness & Mutations

You have razor-sharp toenails.
You are partially covered in iridescent scales (AC +4).
You are significantly more attuned to the shadows.
You are mostly covered in sharp spines.


Message History

You slash the black mamba!
You kill the black mamba!
Lugonu accepts your kill.
You hit the black mamba.
The black mamba is severely wounded.
The black mamba misses you. The black mamba closely misses you.
You block the water moccasin's attack.
You hit the black mamba. You claw the black mamba.
The black mamba is almost dead.
You slash the water moccasin!
The water moccasin is severely wounded.
The black mamba bites you.
* * * LOW HITPOINT WARNING * * *
The water moccasin bites you.
* * * LOW HITPOINT WARNING * * *
The black mamba bites you!
* * * LOW HITPOINT WARNING * * *
You block the black mamba's attack. You block the water moccasin's attack.
The black mamba bites you!
You die...

.... ........
.........
#...........
.........##...
.........†#....
......S@.†...##
.......S†......#
.....††###.....##
....#††##.......#
.....###.......#
....# #.......#
..# ##....... #
#.P...#.
##....### .##


You could see a black mamba and a water moccasin.

Vanquished Creatures
  A frost giant (IceCv)
  A fire dragon (Lair:8)
  3 hydras
  2 catoblepae (Lair:6)
  An unseen horror (D:10)
  An ice statue (IceCv)
  Pikel (D:6)
  10 elephants (Lair:7)
  A griffon (Lair:6)
  5 black mambas
  A siren (Lair:6)
  Maurice (D:8)
  12 spiny frogs
  Psyche (D:8)
  A torpor snail (Lair:4)
  15 komodo dragons
  A queen ant (D:9)
  2 fire drakes
  A troll (D:11)
  A wandering mushroom (Lair:7)
  Prince Ribbit (D:5)
  12 polar bears
  A boulder beetle (Lair:8)
  A two-headed ogre (D:11)
  12 blink frogs
  4 wyverns
  A steam dragon (Lair:8)
  A deep elf mage (D:11)
  61 yaks
  9 basilisks
  A hungry ghost (D:8)
  20 wolves
  7 hippogriffs
  A mottled dragon (Lair:8)
  7 soldier ants (D:9)
  5 sky beasts
  Duvessa (D:4)
  15 porcupines
  4 swamp drakes (Lair:8)
  22 water moccasins
  A phantom (D:6)
  3 black bears
  3 orc warriors
  13 ice beasts
  20 giant frogs
  3 ogres
  12 centaurs
  16 crocodiles
  Dowan (D:4)
  A wyvern zombie (D:8)
  2 scorpions
  A water moccasin skeleton (D:8)
  10 killer bees
  2 jellies
  An electric eel (D:6)
  5 crimson imps
  9 orc wizards
  A centaur skeleton (D:4)
  11 orc priests
  8 hounds
  Crazy Yiuf (D:4)
  A giant frog skeleton (D:8)
  7 iguanas
  Jessica (D:2)
  22 worker ants
  Terence (D:2)
  A killer bee zombie (D:9)
  24 sheep
  A worker ant zombie (D:7)
  Robin (D:4)
  5 gnolls
  17 adders
  3 shadow imps
  32 river rats
  3 oozes
  An adder skeleton (D:8)
  2 worms
  4 giant geckos
  72 orcs
  A bat zombie (D:5)
  8 giant cockroaches
  23 hobgoblins
  11 jackals
  4 quokkas
  2 ball pythons
  20 bats
  2 giant gecko skeletons (D:4)
  A giant gecko zombie (D:5)
  7 giant newts
  20 goblins
  A goblin skeleton (D:6)
  17 kobolds
  2 orc zombies (D:5)
  12 rats
  A rat skeleton (D:5)
  A butterfly (Lair:8)
  9 fungi
  3 plants
715 creatures vanquished.

Vanquished Creatures (others)
  A hydra (Lair:4)
  A polar bear (IceCv)
  A fire vortex (Lair:7)
  A soldier ant (D:9)
  An orc warrior (D:6)
  A slave (D:6)
  A crocodile (Lair:8)
  A scorpion (D:6)
  An electric eel (D:6)
  A worker ant (D:9)
  An iguana (Lair:8)
  2 orcs
  A giant spore (D:9)
  16 fungi
  12 plants (Lair:8)
  A starspawn tentacle (Abyss:1)
  73 starspawn tentacle segments (Abyss:1)
116 creatures vanquished.

Grand Total: 831 creatures vanquished

Notes
Turn   | Place    | Note
--------------------------------------------------------------
     0 | Abyss:1  | xeno23, the Demonspawn Abyssal Knight, began the quest for the Orb.
     0 | Abyss:1  | Reached XP level 1. HP: 18/18 MP: 2/2
    50 | Abyss:1  | Noticed a large abomination
    93 | Abyss:1  | Noticed a tentacled starspawn
    95 | Abyss:1  | Found a corrupted altar of Lugonu.
    98 | D:1      | Escaped the Abyss
   185 | D:1      | Reached skill level 1 in Dodging
   204 | D:1      | Gained mutation: You are slightly more attuned to the shadows. [demonic ancestry]
   204 | D:1      | Reached XP level 2. HP: 21/24 MP: 3/3
   333 | D:1      | Acquired Lugonu's first power
   497 | D:1      | Reached skill level 1 in Stealth
  1128 | D:2      | Gained mutation: You are partially covered in sharp spines. [demonic ancestry]
  1128 | D:2      | Reached XP level 3. HP: 20/29 MP: 5/5
  1395 | D:2      | Acquired Lugonu's second power
  1453 | D:2      | Learned a level 2 spell: Blink
  1463 | D:2      | Found a shattered altar of Ashenzari.
  1543 | D:2      | Found a snail-covered altar of Cheibriados.
  1845 | D:2      | Reached XP level 4. HP: 16/35 MP: 6/6
  2415 | D:2      | Noticed Jessica
  2417 | D:2      | Noticed Terence
  2469 | D:2      | Killed Terence
  2497 | D:2      | Killed Jessica
  2497 | D:2      | Reached skill level 1 in Translocations
  2497 | D:2      | Reached XP level 5. HP: 32/41 MP: 7/7
  2789 | D:2      | Reached skill level 1 in Spellcasting
  2936 | D:3      | Reached XP level 6. HP: 47/47 MP: 8/8
  2991 | D:3      | Found a sacrificial altar of Ru.
  3021 | D:3      | Acquired Lugonu's third power
  3048 | D:3      | Reached skill level 4 in Invocations
  3145 | D:3      | Found a stormy altar of Qazlal.
  3423 | D:3      | Found a shimmering altar of Xom.
  3748 | D:3      | Found a burning altar of Makhleb.
  4049 | D:4      | Found a basalt altar of Yredelemnul.
  4062 | D:4      | Acquired Lugonu's fourth power
  4068 | D:4      | Noticed Robin
  4114 | D:4      | Killed Robin
  4285 | D:4      | Noticed Duvessa
  4285 | D:4      | Noticed Dowan
  4315 | D:4      | Gained mutation: You have sharp toenails. [demonic ancestry]
  4315 | D:4      | Reached XP level 7. HP: 41/54 MP: 10/10
  4334 | D:4      | Killed Duvessa
  4622 | D:4      | Found an ancient bone altar of Kikubaaqudgha.
  4886 | D:4      | Found a glowing silver altar of Zin.
  4894 | D:4      | Found Ubiphos's Assorted Antiques.
  4899 | D:4      | Bought a scroll labeled ODONOIPNOL for 25 gold pieces
  4899 | D:4      | Bought a glowing garnet ring for 125 gold pieces
  4957 | D:4      | Reached skill level 5 in Invocations
  5308 | D:4      | Found a deep blue altar of Sif Muna.
  5308 | D:4      | Found a white marble altar of Elyvilon.
  5318 | D:4      | Killed Dowan
  5410 | D:4      | Noticed Crazy Yiuf
  5421 | D:4      | Killed Crazy Yiuf
  5468 | D:5      | Entered Level 5 of the Dungeon
  5917 | D:5      | Found a shadowy altar of Dithmenos.
  6214 | D:6      | Found a staircase to the Ecumenical Temple.
  6227 | Temple   | Entered the Ecumenical Temple
  6583 | D:6      | Reached XP level 8. HP: 49/61 MP: 12/12
  6648 | D:6      | Reached skill level 5 in Fighting
  7027 | D:5      | Reached skill level 6 in Invocations
  7737 | D:5      | Reached skill level 1 in Evocations
  7818 | D:5      | Noticed Prince Ribbit
  7841 | D:5      | Killed Prince Ribbit
  8085 | D:6      | Reached skill level 7 in Invocations
  8085 | D:6      | Reached XP level 9. HP: 34/69 MP: 6/14
  8346 | D:6      | Acquired Lugonu's fifth power
  8639 | D:6      | Reached skill level 1 in Shields
  8714 | D:6      | Found Tuqeage's Antique Weapon Boutique.
  8722 | D:6      | Bought a dazzling war axe for 221 gold pieces
  8722 | D:6      | Identified the +8 war axe of Dismemberment {chop, Str+5} (You bought it in a shop on level 6 of the Dungeon)
  9098 | D:6      | Reached skill level 1 in Axes
  9334 | D:6      | Noticed Pikel
  9345 | D:6      | Killed Pikel
  9345 | D:6      | Reached skill level 5 in Armour
 10708 | D:8      | Reached XP level 10. HP: 75/77 MP: 15/15
 10745 | D:8      | Reached skill level 8 in Invocations
 10770 | D:8      | Noticed Maurice
 10798 | D:8      | Killed Maurice
 10798 | D:8      | Reached skill level 5 in Dodging
 10807 | D:8      | Noticed Psyche
 10814 | D:8      | Killed Psyche
 11069 | D:8      | Noticed Erolcha
 11070 | D:8      | Banished Erolcha
 11736 | D:9      | Reached skill level 5 in Axes
 11813 | D:9      | Gained mutation: You are significantly more attuned to the shadows. [demonic ancestry]
 11813 | D:9      | Reached XP level 11. HP: 56/84 MP: 17/17
 12034 | D:9      | Found a bloodstained altar of Trog.
 12058 | D:9      | Found a radiant altar of Vehumet.
 12096 | D:9      | Reached skill level 9 in Invocations
 12309 | D:10     | Entered Level 10 of the Dungeon
 12386 | D:10     | Killed an unseen horror
 12577 | D:10     | Found Fear's Weapon Shoppe.
 12579 | D:10     | Noticed a hill giant
 13014 | D:11     | Reached skill level 5 in Evocations
 13019 | D:11     | Reached skill level 5 in Shields
 13106 | D:11     | Found a staircase to the Lair.
 13142 | Lair:1   | Entered Level 1 of the Lair of Beasts
 14604 | Lair:1   | Got a pitted scale mail
 14623 | Lair:1   | Identified the +2 scale mail of the Five Orbs {Dex+4} (You found it on level 1 of the Lair of Beasts)
 15273 | Lair:2   | Gained mutation: You are mostly covered in sharp spines. [demonic ancestry]
 15273 | Lair:2   | Reached XP level 12. HP: 92/92 MP: 19/19
 15295 | Lair:2   | Learned a level 2 spell: Swiftness
 16026 | Lair:3   | Reached skill level 10 in Invocations
 16198 | Lair:3   | Noticed a six-headed hydra
 16210 | Lair:3   | Killed a 13-headed hydra
 16210 | Lair:3   | Reached skill level 1 in Charms
 16210 | Lair:3   | Reached skill level 1 in Air Magic
 16232 | Lair:3   | Found a frozen archway.
 16539 | IceCv    | Entered an ice cave
 17692 | IceCv    | Noticed a frost giant
 17713 | IceCv    | Killed a frost giant
 18301 | Lair:1   | Gained mutation: You are partially covered in iridescent scales (AC +4). [demonic ancestry]
 18301 | Lair:1   | Reached XP level 13. HP: 96/99 MP: 20/20
 18378 | Lair:3   | Reached skill level 5 in Stealth
 20412 | Lair:4   | Got a shimmering great sword
 20418 | Lair:4   | Identified the +3 great sword "Zarghit" {slice, +Rage rC+ Str-2 Int+4} (You found it on level 4 of the Lair of Beasts)
 21193 | Lair:5   | Found a staircase to the Snake Pit.
 21424 | Lair:5   | Reached skill level 11 in Invocations
 21474 | Lair:5   | Learned a level 2 spell: Shroud of Golubria
 22756 | Lair:6   | Found a staircase to the Shoals.
 23628 | Lair:7   | Gained mutation: You have razor-sharp toenails. [demonic ancestry]
 23628 | Lair:7   | Reached XP level 14. HP: 85/109 MP: 22/22
 24923 | Lair:8   | Entered Level 8 of the Lair of Beasts
 26193 | Lair:8   | Found a staircase to the Slime Pits.
 26194 | Lair:8   | Found a viscous altar of Jiyva.
 26240 | Lair:8   | Slain by a black mamba

Action                   |  1- 3 |  4- 6 |  7- 9 | 10-12 | 13-15 || total
-------------------------+-------+-------+-------+-------+-------++-------
Melee: Falchion          |    59 |   328 |   441 |       |       ||   828
       Spear             |   218 |       |       |       |       ||   218
       Dagger            |       |       |    76 |    11 |       ||    87
       War axe           |       |       |   123 |   650 |   605 ||  1378
       Unarmed           |       |       |       |    10 |       ||    10
       Great sword       |       |       |       |       |    22 ||    22
 Fire: Hunting sling     |       |     7 |    11 |       |    15 ||    33
Throw: Stone             |     4 |       |     1 |     3 |       ||     8
       Tomahawk          |       |       |       |     8 |     2 ||    10
       Throwing net      |       |       |       |     1 |       ||     1
Invok: Depart the Abyss  |     1 |       |       |       |       ||     1
       Bend Space        |     2 |       |     1 |     1 |     2 ||     6
       Banish            |       |       |     3 |     2 |     3 ||     8
 Abil: Evoke Teleportati |       |       |     2 |       |       ||     2
       Evoke Berserk Rag |       |       |       |     5 |     8 ||    13
       Evoke Flight      |       |       |       |     2 |       ||     2
Evoke: Wand              |       |       |       |     6 |     3 ||     9
  Use: Scroll            |     5 |     6 |     6 |    11 |     6 ||    34
       Potion            |       |     1 |     1 |       |       ||     2
 Stab: Sleeping          |     5 |       |       |    11 |    24 ||    40
       Paralysed         |       |       |       |    10 |    20 ||    30
       Distracted        |       |       |       |     2 |     1 ||     3
       Fleeing           |       |       |       |     1 |       ||     1
       Petrified         |       |       |       |       |     2 ||     2
  Eat: Chunk             |     3 |     9 |    21 |    27 |    19 ||    79
       Beef jerky        |       |       |     1 |     1 |     3 ||     5
       Pizza             |       |       |     1 |     2 |     1 ||     4
       Meat ration       |       |       |       |     1 |       ||     1
